 Dungeon Crawl Stone Soup version 0.27.0-1-g7a089689b8 (webtiles) character file.

Game seed: 4738996810599681154

55 mainiacjoe the Ducker (level 4, -1/34 HPs)
             Began as a Djinni Gladiator on Aug 7, 2021.
             Slain by an orc (4 damage)
             ... on level 2 of the Dungeon.
             The game lasted 00:02:48 (1423 turns).

mainiacjoe the Ducker (Djinni Gladiator)            Turns: 1423, Time: 00:02:48

Health: -1/34      AC:  7    Str: 13    XL:     4   Next: 14%
Gold:   31         EV: 10    Int: 10    God:
                   SH:  0    Dex: 15

rFire    + + .     SeeInvis .   a - +0 long sword
rCold    x . .     Faith    .   (no shield)
rNeg     . . .     Spirit   .   i - +0 scale mail
rPois    ∞         Reflect  .   c - +0 helmet
rElec    .         Harm     .   (no cloak)
rCorr    .         Rampage  .   (no gloves)
Will     .....                  (boots unavailable)
Stlth    ..........             (no amulet)
HPRegen  0.11/turn              (no ring)
MPRegen  0.00/turn              (no ring)

@: flying
A: sickness immunity, fire resistance 2, cold vulnerability 1, float, innate
caster, hp casting, extra vitality 1
a: no special abilities


You were on level 2 of the Dungeon.
You visited 1 branch of the dungeon, and saw 3 of its levels.

You collected 31 gold pieces.

Inventory:

Hand Weapons
 a - a +0 long sword (weapon)
 b - a +0 hunting sling
Missiles
 d - 3 throwing nets {=F}
 m - 16 arrows
Armour
 c - a +0 helmet (worn)
 h - a +0 ring mail
 i - a +0 scale mail (worn)
 k - a +0 leather armour
Jewellery
 o - an amulet of faith
Scrolls
 f - 5 scrolls of identify {unknown}
 n - a scroll of summoning {unknown}
 q - a scroll of torment {unknown}
Potions
 e - 3 potions of degeneration {unknown}
 g - 4 potions of curing {unknown}
 l - a potion of berserk rage {unknown}
 p - a potion of resistance {unknown}
 r - a potion of brilliance {unknown}
 s - a potion of attraction {unknown}


   Skills:
 + Level 2.5 Fighting
 * Level 3.3 Long Blades
 - Level 1.5 Throwing
 + Level 1.2 Armour
 + Level 3.7 Dodging


You had 2 spell levels left.
You knew the following spells:

 Your Spells              Type           Power      Damage    Failure   Level
a - Sandblast             Erth           0%         2d4       88%         1
Your spell library was empty.

Dungeon Overview and Level Annotations

Branches:
Dungeon (3/15)

Altars:


Innate Abilities, Weirdness & Mutations

You are immune to sickness and miasma.
You are immune to poison.
Your flesh is very heat resistant. (rF++)
You are vulnerable to cold. (rC-)
You float through the air rather than walking.
You learn spells naturally, not from books.
Your magical power is your life essence.
You have superior vitality. (+4 HP)


Message History

The quokka bites you.
You see here a rat corpse.
A jackal comes into view.
The quokka barely misses you.
You riposte.
You closely miss the quokka. The orc hits you with a +0 trident.
* * * LOW HITPOINT WARNING * * *
Things that are here:
a +0 flail; 5 boomerangs of dispersal {=F}; a stone The jackal barks!
An orc comes into view. It is wielding a +0 falchion.
The orc barely misses you.
You riposte.
You hit the orc.
The orc is lightly wounded.
A jackal comes into view.
Things that are here:
a stone; 7 boomerangs The orc closely misses you.
The quokka barely misses you. The orc hits you but does no damage.
Things that are here:
a +0 dagger; a +0 leather armour The quokka closely misses you.
You riposte.
You hit the quokka.
The quokka is severely wounded.
There is an escape hatch in the ceiling here.
The quokka bites you.
* * * LOW HITPOINT WARNING * * *
The orc barely misses you. A mysterious force pulls you upwards.
The hatch slams shut behind you.
You are too injured to fight recklessly!
You completely miss the quokka.
The quokka is severely wounded.
The orc barely misses you. The quokka bites you.
* * * LOW HITPOINT WARNING * * *
The orc barely misses you.
The quokka bites you but does no damage.
You hit the quokka.
You kill the quokka!
The orc hits you but does no damage.
You hit the orc.
The orc is moderately wounded.
The orc hits you with a +0 falchion.
You die...

.........#<#.........†....)..#
#
.........#...................#
#
.##.####.####................#
# .+..#
#............##########
.###########........#
###.................#
#.................#
#.................#
#.........#..o@...#
#.........#####+###
#.........#......#
########'##......#
#......##.[....#
#.#.....†......#
##+#.#####......# # #....#
#......# # #...## #......# #


You could see an orc.

Vanquished Creatures
  A worm (D:3)
  5 orcs (D:3)
  2 ball pythons (D:1)
  6 bats
  5 endoplasms
  4 giant cockroaches
  2 goblins (D:2)
  2 hobgoblins
  3 jackals (D:1)
  3 quokkas
  2 frilled lizards
  A kobold (D:1)
  4 rats
40 creatures vanquished.

Notes
Turn   | Place    | Note
-------+----------+-------------------------------------------
     0 | D:1      | mainiacjoe the Djinni Gladiator began the quest for the
                  | Orb.
     0 | D:1      | Reached XP level 1. HP: 18/18 MP: 0/0
   149 | D:1      | Found a faded altar of an unknown god.
   154 | D:1      | Reached XP level 2. HP: 23/23 MP: 0/0
   819 | D:2      | Reached XP level 3. HP: 28/28 MP: 0/0
   819 | D:2      | Learned a level 1 spell: Sandblast
   889 | D:2      | Reached skill level 1 in Armour
  1393 | D:3      | Reached XP level 4. HP: 25/34 MP: 0/0
  1423 | D:2      | Slain by an orc

Illustrated notes

Levels and vault maps discovered:
D:1:      dpeg_arrival_court, layout_basic,
          chequers_ecumenical_altar_simple_redux
D:2:      layout_basic
D:3:      layout_rooms

Skill      XL: |  1  2  3 |
---------------+----------+-----
Long Blades    | 3 |  3.3
Armour         | 1 |  1.2
Fighting       | |  2.5
Throwing       | |  1.5
Dodging        | |  3.7

Action                   |  1- 3 |  4- 6 || total
-------------------------+-------+-------++-------
Melee: Long sword        |    61 |     9 ||    70
 Fire: Hunting sling     |    59 |       ||    59
Throw: Stone             |    12 |     1 ||    13
Armor: Leather armour    |     6 |       ||     6
       Scale mail        |    28 |     5 ||    33
Dodge: Dodged            |    53 |    14 ||    67
       Rpst.: Long sword |    13 |     5 ||    18
